 Dungeon Crawl Stone Soup version 0.20.1-1-g8b1a95d (webtiles) character file.

208 dstrtn the Skirmisher (level 5, -2/55 HPs)
             Began as an Ogre Chaos Knight on Oct 16, 2017.
             Slain by a gnoll
             ... wielding a +0 spear
              (6 damage)
             ... on level 3 of the Dungeon.
             The game lasted 00:19:37 (3125 turns).

dstrtn the Skirmisher (Ogre Chaos Knight)           Turns: 3125, Time: 00:19:38

Health: -2/55      AC:  6    Str: 18    XL:     5   Next: 86%
Magic:  4/4        EV:  1    Int: 11    God:    Xom [*.....]
Gold:   102        SH:  0    Dex: -1 (9) Spells: 4/4 levels left

rFire    . . .     SeeInvis +   f - +0 whip
rCold    . . .     Gourm    .   g - +0 shield
rNeg     . . .     Faith    .   b - +2 robe
rPois    .         Spirit   .   (helmet restricted)
rElec    .         Reflect  .   k - +0 cloak
rCorr    .         Harm     .   (gloves unavailable)
MR       .....                  (boots unavailable)
Stlth    ..........             (no amulet)
Regen    0.2/turn               i - ring of see invisible
MPRegen  0.1/turn               v - +6 ring of strength

@: slowed, lost dexterity, very slow
A: unfitting armour, large bone plates 1, blurry vision 1, dopey 1, low mp 1,
tough skin 1, weak 2
a: Renounce Religion


You were on level 3 of the Dungeon.
You worshipped Xom.
You were a special plaything of Xom.
You were very hungry.

You visited 1 branch of the dungeon, and saw 3 of its levels.

You collected 102 gold pieces.

Inventory:

Hand Weapons
 a - a +0 falchion of chaos
 f - a +0 whip (weapon)
 j - a +0 spear
Missiles
 o - 5 javelins (quivered)
 p - 79 stones
 s - 10 sling bullets
Armour
 b - a +2 robe (worn)
 g - a +0 shield (worn)
 k - a +0 cloak (worn)
Jewellery
 i - a ring of see invisible (left hand)
 v - a +6 ring of strength (right hand)
Scrolls
 d - 3 scrolls of remove curse
 e - 3 scrolls of identify
 m - a scroll of amnesia
 n - a scroll of random uselessness {unknown}
 u - a scroll of immolation {unknown}
 w - a scroll of magic mapping {unknown}
Comestibles
 c - 2 bread rations
 q - a meat ration


   Skills:
 + Level 4.9 Fighting
 - Level 2.5 Long Blades
 + Level 3.1 Maces & Flails
 + Level 2.8 Throwing
 - Level 2.1 Dodging


You had 4 spell levels left.
You didn't know any spells.

Dungeon Overview and Level Annotations

Branches:
Dungeon (3/15)

Altars:
Ru


Innate Abilities, Weirdness & Mutations

You are too large for most types of armour.
You have tough skin. (AC +1)
You are partially covered in large bone plates. (SH +4)
Scrolls take you a little longer to read.
You are dopey. (Int -2)
Your magical capacity is low. (-10% MP)
You are very weak. (Str -4)


Message History

The gnoll is moderately wounded.
The gnoll hits you but does no damage.
You barely miss the gnoll.
The gnoll is moderately wounded.
The gnoll barely misses you. The gnoll hits you with a spear.
You hit the gnoll.
The gnoll is heavily wounded.
The gnoll hits you but does no damage. The gnoll hits you with a spear.
* * * LOW HITPOINT WARNING * * *
You hit the gnoll.
The gnoll is severely wounded.
The gnoll hits you with a spear.
* * * LOW HITPOINT WARNING * * *
You hit the gnoll but do no damage.
The gnoll is severely wounded.
The gnoll hits you with a spear!
* * * LOW HITPOINT WARNING * * *
The gnoll hits you with a spear.
You die... "It was about time."

###########........
##.###..# #.# #..#
# #.# #..# .# #.#
#..# .# ##.# #.##
#.#
##########.#.##.#
###.#
#.......).###...#
##.#.#
#@########.#.##.##
##)...# #g#
##.##...#
##.....#####.#
#....#..
#.<........#.#
####...#
#..........#.####
##.##
#.#.......†.....#
#.#
#.#...###.##.##.#
#.# ##...## #.##.#
# #.# #######.##
#.##.##.# #.#


You could see a gnoll.

Vanquished Creatures
  A worker ant (D:3)
  2 gnolls
  8 adders
  An ooze (D:1)
  2 worms
  4 dart slugs
  2 leopard geckos (D:1)
  An orc (D:3)
  5 bats
  2 giant cockroaches
  9 goblins
  5 hobgoblins
  8 jackals
  A quokka (D:3)
  6 frilled lizards
  6 kobolds
  4 rats
67 creatures vanquished.

Vanquished Creatures (collateral kills)
  An adder (D:2)
  A worm (D:2)
  A goblin (D:2)
  A frilled lizard (D:2)
  A rat (D:2)
5 creatures vanquished.

Grand Total: 72 creatures vanquished

Notes
Turn   | Place    | Note
-------+----------+-------------------------------------------
     0 | D:1      | dstrtn the Ogre Chaos Knight began the quest for the Orb.
     0 | D:1      | Reached XP level 1. HP: 24/24 MP: 1/1
     9 | D:1      | XOM: harmless Hex miscast
    33 | D:1      | Reached XP level 2. HP: 31/33 MP: 2/2
    84 | D:1      | XOM: divination: detect creatures
   206 | D:1      | XOM: potion effect (berserk rage)
   259 | D:1      | XOM: confusion
   340 | D:1      | XOM: enchant monster (bad)
   386 | D:1      | XOM: swap monsters
   407 | D:1      | Reached skill level 1 in Maces & Flails
   410 | D:1      | Reached XP level 3. HP: 16/40 MP: 3/3
   456 | D:1      | XOM: harmless Chrm miscast
   613 | D:1      | XOM: 9-stop teleportation journey
   804 | D:1      | XOM: noise
   823 | D:1      | XOM: give mutations
   823 | D:1      | Gained mutation: Scrolls take you a little longer to read. [Xom's mischief]
   823 | D:1      | Gained mutation: You are weak. (Str -2) [Xom's mischief]
   823 | D:1      | Gained mutation: Your magical capacity is low. (-10% MP) [Xom's mischief]
   887 | D:1      | XOM is BORED!
   887 | D:1      | XOM: give mutations
   887 | D:1      | Gained mutation: You are very weak. (Str -4) [Xom's mischief]
   887 | D:1      | Gained mutation: You are dopey. (Int -2) [Xom's mischief]
   887 | D:1      | Gained mutation: You are partially covered in large bone plates. (SH +4) [Xom's mischief]
  1096 | D:1      | XOM: harmless Conj miscast
  1297 | D:2      | XOM: summons friendly crimson imp
  1309 | D:2      | Reached XP level 4. HP: 38/49 MP: 3/3
  1471 | D:2      | Found a sacrificial altar of Ru.
  1502 | D:2      | Reached skill level 1 in Throwing
  1625 | D:2      | XOM: silly message
  1892 | D:2      | Reached XP level 5. HP: 52/55 MP: 4/4
  2236 | D:2      | XOM: stat loss: -1 Str (11/12)
  2334 | D:3      | XOM: harmless Hex miscast
  2633 | D:3      | XOM: 4-stop teleportation journey
  2777 | D:3      | XOM: harmless Necr miscast
  2829 | D:3      | XOM: summons 2 hostile demons
  2843 | D:3      | Lost dexterity.
  2939 | D:3      | XOM: summons 4 hostile shadow creatures
  2950 | D:3      | XOM: medium Necr miscast
  3125 | D:3      | Slain by a gnoll

Skill      XL: |  1  2  3  4  5 |
---------------+----------------+-----
Maces & Flails | 1 2 3 |  3.1
Throwing       | 2 |  2.8
Fighting       | |  4.9
Long Blades    | |  2.5
Dodging        | |  2.1

Action                   |  1- 3 |  4- 6 || total
-------------------------+-------+-------++-------
Melee: Falchion          |    15 |       ||    15
       Whip              |   145 |   311 ||   456
Throw: Javelin           |     2 |    13 ||    15
       Stone             |       |     3 ||     3
  Use: Scroll            |       |     6 ||     6
       Potion            |       |     4 ||     4
 Stab: Confused          |     1 |       ||     1
       Paralysed         |     1 |       ||     1
  Eat: Chunk             |     2 |     5 ||     7
Armor: Robe              |    49 |   223 ||   272
Dodge: Dodged            |    55 |    86 ||   141
Block: Shield            |    54 |   164 ||   218
       Rpst.: Falchion   |     2 |       ||     2
